 Dungeon Sprint DCSS version 0.30-a0-1160-g6e42c06551 (webtiles) character file.

Game seed: 9889924160232964450

205 fozzywoppz the Covert (level 5, -3/36 HPs)
             Began as a Spriggan Enchanter on Apr 25, 2023.
             Slain by a scorpion (6 damage)
             ... in the Dungeon (Sprint IX: "|||||||||||||||||||||||||||||").
             The game lasted 00:01:18 (103 turns).

fozzywoppz the Covert (Spriggan Enchanter)           Turns: 103, Time: 00:01:19

Health: -3/36      AC:  2    Str:  6    XL:     5   Next: 53%
Magic:  10/13      EV: 21    Int: 17    God:
Gold:   0          SH:  0    Dex: 15    Spells: 14/14 levels left

rFire   . . .        a - +1 dagger
rCold   . . .        (no shield)
rNeg    . . .        b - +0 robe
rPois   .            (helmet restricted)
rElec   .            (no cloak)
rCorr   .            (gloves unavailable)
SInv    +            (boots unavailable)
Will    .....        (no amulet) Stlth
                     (no ring)
HPRegen 0.26/turn    (no ring)
MPRegen 0.13/turn

%: no teleportation
@: berserking, very quick
A: very small, no large weapons, unfitting armour, see invisible, speed 3
a: no special abilities


You were in the Dungeon.
You visited 1 branch

Inventory:

Hand Weapons
 a - a +1 dagger (weapon)
Armour
 b - a +0 robe (worn)
Scrolls
 i - a scroll of blinking
Potions
 c - 2 potions of invisibility
 e - a potion of heal wounds
 f - a potion of haste
 g - 2 potions of magic


   Skills:
 + Level 6.3 Short Blades
 + Level 8.4 Dodging
 + Level 10.1 Stealth
 - Level 5.0 Spellcasting
 - Level 6.0 Hexes


You had 14 spell levels left.
You didn't know any spells.
Your spell library contained the following spells:

 Spells                   Type           Power      Damage    Failure   Level
 Confusing Touch          Hex            24%        N/A       3%          3
 Tukima's Dance           Hex            24%        N/A       3%          3
 Ensorcelled Hibernation  Hex/Ice        28%        N/A       6%          2
 Dazzling Flash           Conj/Hex       28%        N/A       12%         3


Dungeon Overview and Level Annotations

Branches:
Dungeon (1/1)

Altars:


Innate Abilities, Weirdness & Mutations

You are very small and have problems with some larger weapons.
You are too small for most types of armour.
You have supernaturally acute eyesight. (SInv)
You cover ground extremely quickly. (Speed+++)


Message History

The scorpion is heavily wounded.
The scorpion stings you.
* * * LOW HITPOINT WARNING * * *
A red film seems to cover your vision as you go berserk!
You feel yourself moving faster!
You feel mighty! The scorpion closely misses you.
You puncture the scorpion!
The scorpion is almost dead.
The scorpion barely misses you.
You barely miss the scorpion.
The scorpion is almost dead.
You closely miss the scorpion.
The scorpion is almost dead.
The scorpion closely misses you.
You hit the scorpion.
You kill the scorpion!
Your Short Blades skill increases to level 6!
Your Dodging skill increases to level 8!
Your Stealth skill gained 2 levels and is now at level 10!
You hit the ufetubus.
The ufetubus is moderately wounded.
The ufetubus barely misses you. The ufetubus misses you.
You puncture the ufetubus!
You kill the ufetubus!
The scorpion completely misses you.
Things that are here:
a +0 giant club; an ogre corpse You puncture the scorpion!
The scorpion is heavily wounded.
You closely miss the scorpion.
The scorpion is heavily wounded.
The scorpion stings you.
* * * LOW HITPOINT WARNING * * *
You hit the scorpion but do no damage.
The scorpion is heavily wounded.
Unknown command.
You closely miss the scorpion.
The scorpion is heavily wounded.
The scorpion stings you.
You die... ▓▓▓▓▓▓▓▓▓▓▓▓▓▓▓▓▓▓ ▓<...††....'.@s..+ ▓▓▓▓▓▓▓▓▓▓▓▓▓▓▓▓▓▓

You could see a scorpion.

Vanquished Creatures
  An ogre (D)
  2 scorpions (D)
  An ufetubus (D)
  A bat (D)
  A giant cockroach (D)
  A hobgoblin (D)
  2 ball pythons (D)
9 creatures vanquished.

Notes
Turn   | Place    | Note
-------+----------+-------------------------------------------
     0 | D        | fozzywoppz the Spriggan Enchanter began the quest for the
                  | Orb.
     0 | D        | Reached XP level 1. HP: 9/9 MP: 5/5
    37 | D        | Reached skill level 5 in Stealth
    61 | D        | Noticed a scorpion
    61 | D        | Noticed an ogre
    61 | D        | Noticed a scorpion
    61 | D        | Noticed a scorpion
    63 | D        | Killed a scorpion
    64 | D        | Reached skill level 5 in Dodging
    64 | D        | Reached skill level 6 in Stealth
    64 | D        | Reached skill level 5 in Hexes
    64 | D        | Reached XP level 2. HP: 13/13 MP: 5/8
    64 | D        | Reached XP level 3. HP: 16/16 MP: 6/10
    65 | D        | Killed an ogre
    66 | D        | Reached skill level 5 in Short Blades
    66 | D        | Reached skill level 8 in Stealth
    66 | D        | Reached skill level 5 in Spellcasting
    66 | D        | Reached XP level 4. HP: 21/21 MP: 7/12
    66 | D        | Reached XP level 5. HP: 24/24 MP: 7/13
    97 | D        | Reached skill level 10 in Stealth
   103 | D        | Slain by a scorpion

Illustrated notes

Levels and vault maps discovered:
D:        linesprint [early_d, line_temple, items_1, d_10, items_2, lair_1,
          lair_end, items_3, orc_1, orc_end, items_4, d_15, swamp_1, shoals_1,
          snake_1, spider_1, d_20, vaults_1, items_5, swamp_end, shoals_end,
          snake_end, spider_end, vaults_end, d_27, items_6, zot_1, zot_end,
          crypt_end, forest_end, elf_end, slime_end, tomb_end, abyss_end,
          pan_hell_end]

Skill      XL: |  1  2  3  4  5 |
---------------+----------------+-----
Dodging        | 5 7 8 |  8.4
Spellcasting   | 4 5 |  5.0
Hexes          | 5 6 |  6.0
Stealth        | 6 8 10 | 10.1
Short Blades   | 3 5 6 |  6.3

Action                     |  1- 3 |  4- 6 || total
---------------------------+-------+-------++-------
  Melee: Dagger            |    33 |    35 ||    68
    Use: Potion            |       |     2 ||     2
   Stab: Sleeping          |     2 |       ||     2
 Armour: Robe              |     4 |       ||     4
  Dodge: Dodged            |    28 |    25 ||    53

Table legend: (Time is in decaauts)
 A = Elapsed time spent in this place.
 B = Non-inter-level travel time spent in this place.
 C = Inter-level travel time spent in this place.
 D = Time resting spent in this place.
 E = Time spent auto-exploring this place.
 F = Levels seen in this place.
 G = Mean time per level.
                   A        B        C        D        E       F      G
               +--------+--------+--------+--------+--------+-----+--------+
         Total |     84 |     84 |      0 |     19 |      0 |   1 |   84.0 |
       Dungeon |     84 |     84 |      0 |     19 |      0 |   1 |   84.0 |
               +--------+--------+--------+--------+--------+-----+--------+

Top non-repeatable levels by time:
       D: 84 daAuts
